 Dungeon Crawl Stone Soup version 0.31-a0-198-g2ad674f65e (webtiles) character file.

Game seed: 15039739603835658631

371 Gorgondantess the Trooper (level 6, -6/56 HPs)
             Began as an Armataur Warper on June 25, 2023.
             Mangled by a mummy (17 damage)
             ... in an ossuary.
             The game lasted 00:06:08 (2478 turns).

Gorgondantess the Trooper (Armataur Warper)         Turns: 2478, Time: 00:06:09

Health: -6/56      AC:  4    Str: 20    XL:     6   Next: 42%
Magic:  9/9        EV:  9    Int: 25    God:
Gold:   113        SH:  5    Dex: 12    Spells: 4/9 levels left

rFire   + . .        a - +0 mace
rCold   . . .        (no shield)
rNeg    . . .        s - +0 robe "Ketanarr" {Str+2 Int+5 Dex+3}
rPois   .            (no helmet)
rElec   .            (no cloak)
rCorr   .            (no gloves)
SInv    .            (no barding)
Will    .....        u - amulet of reflection
Stlth   +            e - +6 ring of intelligence
HPRegen 0.29/turn    r - ring of protection from fire
MPRegen 0.11/turn

%: reflection, roll
@: no status effects
A: large, rugged brown scales 3, deformed body, armoured tail, roll, long
tongue, awkward tongue
a: no special abilities


You were in an ossuary.
You visited 1 branch of the dungeon, and saw 4 of its levels.
You also visited: Ossuary.

You collected 113 gold pieces.

Inventory:

Hand Weapons
 a - a +0 mace (weapon)
 l - a +0 flail
 v - a +3 dagger of venom
 w - a +1 dagger of protection
Missiles
 d - 7 boomerangs of dispersal (quivered)
 g - 11 poisoned darts
 j - 4 javelins
Armour
 b - a +0 leather armour
 s - the +0 robe "Ketanarr" (worn) {Str+2 Int+5 Dex+3}
   (You found it on level 2 of the Dungeon)

   Str:       It affects your strength (+2).
   Int:       It affects your intelligence (+5).
   Dex:       It affects your dexterity (+3).
Jewellery
 e - a +6 ring of intelligence (left hand)
 r - a ring of protection from fire (right hand)
 u - an amulet of reflection (around neck)
Scrolls
 c - a scroll of blinking
 f - 2 scrolls of noise {unknown}
 i - a scroll of poison {unknown}
 o - a scroll of revelation {unknown}
 p - a scroll of fog {unknown}
 q - a scroll of enchant armour {unknown}
 t - a scroll of teleportation {unknown}
Potions
 h - a potion of lignification
 k - a potion of cancellation {unknown}
 m - 2 potions of heal wounds
 n - 2 potions of might


   Skills:
 + Level 4.5 Fighting
 - Level 4.0 Maces & Flails
 - Level 0.8 Throwing
 - Level 1.2 Armour
 - Level 1.3 Dodging
 - Level 2.0 Spellcasting
 - Level 0.7 Conjurations
 - Level 3.0 Translocations
 - Level 0.7 Air Magic
 - Level 0.6 Poison Magic


You had 4 spell levels left.
You knew the following spells:

 Your Spells              Type           Power      Damage    Failure   Level
a - Blink                 Tloc           34%        N/A       4%          2
b - Mephitic Cloud        Conj/Pois/Air  6%         N/A       26%         3

Your spell library contained the following spells:

 Spells                   Type           Power      Damage    Failure   Level
 Lesser Beckoning         Tloc           34%        N/A       4%          2
 Magic Dart               Conj           24%        1d4       9%          1
 Teleport Other           Tloc           17%        N/A       10%         3
 Vhi's Electric Charge    Tloc/Air       22%        N/A       16%         3
 Call Imp                 Summ           4%         N/A       17%         2
 Manifold Assault         Tloc           17%        N/A       32%         4
 Arcjolt                  Conj/Air       3%         1d13      92%         5
 Plasma Beam              Fire/Air       2%         2x1d12    100%        6


Dungeon Overview and Level Annotations

Branches:
Dungeon (4/15)            Ossuary (1/1)
 Temple: D:4-7

Altars:
The Shining One


Innate Abilities, Weirdness & Mutations

You are completely covered in rugged brown scales. (AC +3, +7% HP)
Armour fits poorly on your strangely shaped body.
You have a long armoured tail.
You roll when moving toward enemies. (Rampage)
Your long tongue fully drains potion bottles. (2x potion effects)
Your tongue gives you trouble enunciating. (1.5x scroll delay)


Message History

You block the mummy's attack. The mummy hits you!!
You sock the mummy!
You destroy the mummy!
The mummy closely misses you.
You start resting.
A mummy is nearby!
You roll towards the mummy!
You hit the mummy but do no damage. You tail-slap the mummy.
The mummy is lightly damaged.
You barely miss the mummy.
Your tail-slap misses the mummy.
The mummy is lightly damaged.
The mummy hits you!
You barely miss the mummy. You tail-slap the mummy!
The mummy is heavily damaged.
You block the mummy's attack.
You hit the mummy. You tail-slap the mummy.
You destroy the mummy!
The mummy barely misses you.
There is an open door here.
Which direction?
Which direction?
You close the door.
You start resting.
A mummy opens the door.
You sock the mummy!
The mummy is heavily damaged.
The mummy hits you!
You hit the mummy but do no damage.
The mummy is heavily damaged.
You hit the mummy. You tail-slap the mummy.
The mummy is severely damaged.
The mummy hits you!
* * * LOW HITPOINT WARNING * * *
You hit the mummy.
The mummy is almost destroyed.
You block the mummy's attack.
You hit the mummy but do no damage.
The mummy is almost destroyed.
The mummy hits you!
You die...

..# ..... #....#.'..#
..# .... #....###..#
##################.#..#
..#....#....#....#.#..#
..#....#....#....#.'..#
..#....#....#....###M.#
..#....#....#....#.#..#
#####'####'#####'#.#..#
...#...#...#...#@..#..#
'###'###'###'###M###..#
......................#
.....................∩#
#######################


You could see a mummy.

Vanquished Creatures
  4 centaur zombies (Ossuary)
  2 orc wizards (D:4)
  An ogre zombie (Ossuary)
  7 mummies
  An adder (D:2)
  3 adder zombies (Ossuary)
  A worm (D:2)
  2 dart slugs
  3 orcs (D:4)
  5 bats
  An endoplasm (D:2)
  3 giant cockroaches
  A gnoll zombie (Ossuary)
  3 goblins
  7 hobgoblins
  A jackal (D:1)
  7 kobolds
  4 quokkas
  2 ball pythons (D:1)
  3 frilled lizards (D:2)
  2 goblin zombies (Ossuary)
  2 hobgoblin zombies (Ossuary)
  5 kobold zombies (Ossuary)
  6 quokka zombies (Ossuary)
  8 rats
  4 rat zombies (Ossuary)
88 creatures vanquished.

Notes
Turn   | Place    | Note
-------+----------+-------------------------------------------
     0 | D:1      | Gorgondantess the Armataur Warper began the quest for the
                  | Orb.
     0 | D:1      | Reached XP level 1. HP: 18/18 MP: 3/3
   271 | D:1      | Reached XP level 2. HP: 25/25 MP: 4/4
   274 | D:1      | Learned a level 2 spell: Blink
   692 | D:2      | Reached XP level 3. HP: 27/31 MP: 5/5
   723 | D:2      | Found a glowing golden altar of the Shining One.
   906 | D:2      | Identified the +0 robe "Ketanarr" {Str+2 Int+5 Dex+3}
  1466 | D:3      | Learned a level 3 spell: Mephitic Cloud
  1480 | D:3      | You fall into a shaft and drop 1 floor!
  1523 | D:4      | Reached XP level 4. HP: 18/38 MP: 6/6
  1683 | D:4      | Found a sand-covered staircase.
  1725 | Ossuary  | Entered an ossuary
  1740 | Ossuary  | Reached XP level 5. HP: 43/43 MP: 8/8
  2125 | Ossuary  | Reached XP level 6. HP: 55/55 MP: 9/9
  2478 | Ossuary  | Mangled by a mummy

Illustrated notes

Levels and vault maps discovered:
D:1:      wander_arrival_chamber, layout_rooms, minmay_tall_x
D:2:      layout_loops_ring, basic_altar, minmay_vboxes
D:3:      layout_basic, amethyst_overflow_temple_binary, serial_shops, shop,
          st_stairs_7, uniq_sigmund
D:4:      layout_basic, kennysheep_mini_moat, gup_ossuary_entry_pyramid
Ossuary:  ossuary_boxes_badplayer

Skill      XL: |  1  2  3  4  5  6 |
---------------+-------------------+-----
Maces & Flails | 2 3 4 |  4.0
Fighting       | 2 3 4 |  4.5
Spellcasting   | 2 |  2.0
Throwing       | |  0.8
Armour         | |  1.2
Dodging        | |  1.3
Conjurations   | |  0.7
Translocations | |  3.0
Air Magic      | |  0.7
Poison Magic   | |  0.6

Action                     |  1- 3 |  4- 6 || total
---------------------------+-------+-------++-------
  Melee: Mace              |   139 |   152 ||   291
         Tailslap          |     9 |    32 ||    41
         Punch             |     3 |       ||     3
  Throw: Dart              |       |     1 ||     1
    Use: Scroll            |     3 |       ||     3
   Stab: Sleeping          |     3 |     1 ||     4
 Armour: Leather armour    |    52 |       ||    52
         Robe              |     7 |    46 ||    53
  Dodge: Dodged            |    78 |    47 ||   125
  Block: Other             |     3 |    39 ||    42

Table legend: (Time is in decaauts)
 A = Elapsed time spent in this place.
 B = Non-inter-level travel time spent in this place.
 C = Inter-level travel time spent in this place.
 D = Time resting spent in this place.
 E = Time spent auto-exploring this place.
 F = Levels seen in this place.
 G = Mean time per level.
                   A        B        C        D        E       F      G
               +--------+--------+--------+--------+--------+-----+--------+
         Total |   2543 |   2506 |     37 |    124 |   1572 |   5 |  508.6 |
       Dungeon |   1766 |   1729 |     37 |    106 |   1118 |   4 |  441.5 |
       Ossuary |    776 |    776 |      0 |     18 |    454 |   1 |  776.0 |
               +--------+--------+--------+--------+--------+-----+--------+

Top non-repeatable levels by time:
 Ossuary: 776 daAuts
     D:2: 769 daAuts
     D:1: 701 daAuts
     D:4: 254 daAuts
     D:3: 41 daAuts
